 Dungeon Crawl Stone Soup version 0.29.1-12-g30fa7ad0bf (webtiles) character file.

Game seed: 9290348829402058861

321493 concernfroge the Blinker (level 21, -7/294 HPs)
             Began as an Ogre Fighter on Jan 1, 2023.
             Was an Elder of the Shining One.
             Mangled by Mennas
             ... wielding a +5 trishula of holy wrath
              (15 damage)
             ... on level 4 of the Vaults on Jan 2, 2023.
             The game lasted 04:15:19 (53171 turns).

concernfroge the Blinker (Ogre Fighter)            Turns: 53171, Time: 04:15:20

Health: -7/294     AC: 11    Str: 38    XL:     21   Next: 52%
Magic:  16/40      EV:  8    Int:  9    God:    the Shining One [****..]
Gold:   937        SH: 22    Dex:  8    Spells: 32/50 levels left

rFire   + + .      SeeInvis .   a - +4 broad axe (freeze)
rCold   + + .      Faith    +   y - +7 tower shield
rNeg    + + +      Spirit   .   S - +4 troll leather armour {Snorg}
rPois   +          Reflect  .   N - -2 hat of the Alchemist {rElec rPois rF+ rC+ rN+ Will+ rMut rCorr}
rElec   +          Harm     .   q - +2 cloak
rCorr   +          Rampage  .   (gloves unavailable)
rMut    +                       (boots unavailable)
Will    +++..                   p - amulet of faith
Stlth   ..........              C - +4 ring of slaying
HPRegen 1.39/turn               K - ring of Elitism {Contam rF+ rC+ Str+4}
MPRegen 0.27/turn

@: berserking, glowing, very quick
A: large, unfitting armour, tough skin 1, frail 1
}: 2/15 runes: decaying, serpentine
a: Renounce Religion, Divine Shield, Cleansing Flame


You were on level 4 of the Vaults.
You worshipped the Shining One.
The Shining One was greatly pleased with you.
You visited 8 branches of the dungeon, and saw 37 of its levels.
You visited 1 bazaar.
You also visited: Gauntlet.

You collected 4497 gold pieces.
You spent 3560 gold pieces at shops.

Inventory:

Hand Weapons
 a - a +4 broad axe of freezing (weapon)
 b - a +9 trident of freezing
Missiles
 j - 241 stones
 B - 4 boomerangs of dispersal
 E - 35 large rocks
 I - 31 poisoned darts
 Q - 6 javelins (quivered)
Armour
 q - a +2 cloak (worn)
 y - a +7 tower shield (worn)
 H - the +1 hat "Toimi" {rElec Int+4 Dex+2}
   (You acquired it on level 2 of the Lair of Beasts)

   Int:       It affects your intelligence (+4).
   Dex:       It affects your dexterity (+2).
   rElec:     It insulates you from electricity.
 N - the -2 hat of the Alchemist (worn) {rElec rPois rF+ rC+ rN+ Will+ rMut rCorr}
   (You bought it in a shop on level 3 of the Vaults)

   rF:        It protects you from fire.
   rC:        It protects you from cold.
   rElec:     It insulates you from electricity.
   rPois:     It protects you from poison.
   rN:        It protects you from negative energy.
   rCorr:     It protects you from acid and corrosion.
   rMut:      It protects you from mutation.
   Will:      It increases your willpower.
 S - a +4 troll leather armour (worn) {Snorg}
Jewellery
 l - a ring of flight
 p - an amulet of faith (around neck)
 C - a +4 ring of slaying (left hand)
 K - the ring of Elitism (right hand) {Contam rF+ rC+ Str+4}
   (You found it in a Gauntlet)

   [ring of protection from fire]

   Str:       It affects your strength (+4).
   rF:        It protects you from fire.
   rC:        It protects you from cold.
   Contam:    It causes magical contamination when unequipped.
Wands
 f - a wand of polymorph (35)
 g - a wand of flame (62)
 k - a wand of mindburst (3)
 s - a wand of charming (20)
 G - a wand of digging (7)
 X - a wand of iceblast (15)
 Y - a wand of light (3)
Scrolls
 c - a scroll of summoning
 h - 5 scrolls of vulnerability
 i - 4 scrolls of fear
 u - 4 scrolls of magic mapping
 v - 8 scrolls of teleportation
 x - 2 scrolls of immolation
 F - 7 scrolls of amnesia
 M - a scroll of butterflies
 R - 3 scrolls of blinking
 T - a scroll of brand weapon
 U - 3 scrolls of noise
 V - 20 scrolls of identify
Potions
 d - 6 potions of attraction
 e - 2 potions of might
 m - 5 potions of mutation
 n - a potion of flight
 o - 3 potions of magic
 t - 4 potions of ambrosia
 z - a potion of lignification
 A - 9 potions of brilliance
 D - 4 potions of haste
 L - a potion of berserk rage
 W - 2 potions of cancellation
 Z - 3 potions of curing
Miscellaneous
 J - a phantom mirror (inert)
 O - a box of beasts (inert)


   Skills:
 + Level 15.1 Fighting
 - Level 9.4 Short Blades
 - Level 15.9(18.0) Axes
 - Level 13.9(16.9) Polearms
 - Level 10.0 Throwing
 - Level 5.0 Armour
 - Level 2.6 Dodging
 + Level 12.0 Shields
 - Level 15.0 Spellcasting
 - Level 16.0 Translocations
 - Level 13.0 Invocations


You had 32 spell levels left.
You knew the following spells:

 Your Spells              Type           Power      Damage    Failure   Level
a - Blink                 Tloc           70%        N/A       1%          2
b - Manifold Assault      Tloc           35%        N/A       1%          5
c - Apportation           Tloc           70%        N/A       1%          1
d - Dispersal             Tloc           17%        N/A       7%          6
e - Passage of Golubria   Tloc           35%        N/A       1%          4

Your spell library contained the following spells:

 Spells                   Type           Power      Damage    Failure   Level
 Lesser Beckoning         Tloc           35%        N/A       1%          3
 Portal Projectile        Hex/Tloc       42%        N/A       3%          3
 Iskenderun's Mystic Bla  Conj/Tloc      21%        2d6       12%         4
 Freeze                   Ice            24%        1d5       32%         1
 Magic Dart               Conj           24%        1d4       32%         1
 Necrotise                Necr           24%        1d5       32%         1
 Sandblast                Erth           12%        2d6       32%         1
 Shock                    Conj/Air       24%        1d4       32%         1
 Slow                     Hex            24%        N/A       32%         1
 Sting                    Tmut/Pois      24%        1d4       32%         1
 Summon Small Mammal      Summ           24%        N/A       32%         1
 Passwall                 Tmut/Erth      5%         N/A       43%         2
 Poisonous Vapours        Pois/Air       12%        N/A       43%         2
 Searing Ray              Conj           12%        2d4       43%         2
 Sublimation of Blood     Necr           6%         N/A       43%         2
 Call Canine Familiar     Summ           6%         N/A       67%         3
 Confusing Touch          Hex            6%         N/A       67%         3
 Dazzling Flash           Conj/Hex       12%        N/A       67%         3
 Frozen Ramparts          Ice            12%        1d2       67%         3
 Ignite Poison            Fire/Tmut/Pois 6%         N/A       67%         3
 Mephitic Cloud           Conj/Pois/Air  6%         N/A       67%         3
 Stone Arrow              Conj/Erth      12%        3d7       67%         3
 Summon Guardian Golem    Hex/Summ       6%         N/A       67%         3
 Tukima's Dance           Hex            6%         N/A       67%         3
 Vampiric Draining        Necr           6%         2d6       67%         3
 Disjunction              Tloc           17%        N/A       96%         8
 Airstrike                Air            3%         2d(1-17)  97%         4
 Fulminant Prism          Conj/Hex       3%         3d6       97%         4
 Hailstorm                Conj/Ice       6%         3d4       97%         4
 Ice Form                 Ice/Tmut       6%         N/A       97%         4
 Olgreb's Toxic Radiance  Pois           6%         N/A       97%         4
 Petrify                  Tmut/Erth      6%         N/A       97%         4
 Summon Ice Beast         Ice/Summ       6%         N/A       97%         4
 Summon Lightning Spire   Summ/Air       6%         N/A       97%         4
 Alistair's Intoxication  Tmut/Pois      4%         N/A       100%        5
 Blade Hands              Tmut           3%         N/A       100%        5
 Fireball                 Conj/Fire      3%         3d4       100%        5
 Freezing Cloud           Conj/Ice/Air   3%         6-21      100%        5
 Irradiate                Conj/Tmut      3%         3d12      100%        5
 Iskenderun's Battlesphe  Conj           6%         2d6       100%        5
 Lightning Bolt           Conj/Air       3%         1d14      100%        5
 Iron Shot                Conj/Erth      3%         9d2       100%        6
 Starburst                Conj/Fire      3%         6d3       100%        6
 Summon Cactus Giant      Summ           3%         N/A       100%        6
 Ozocubu's Refrigeration  Ice            3%         4d8       100%        7
 Spellforged Servitor     Conj/Summ      3%         N/A       100%        7
 Storm Form               Tmut/Air       3%         N/A       100%        7
 Ignition                 Fire           3%         3d4       100%        8
 Chain Lightning          Conj/Air       3%         3d4       100%        9


Dungeon Overview and Level Annotations

Branches:
Dungeon (15/15)            Temple (1/1) D:7            Lair (5/5) D:11
  Swamp (4/4) Lair:2        Snake (4/4) Lair:2        Slime (0/5) Lair:5
    Orc (2/2) D:9             Elf (2/3) Orc:2        Vaults (4/5) D:14
  Crypt (0/3) Vaults:3     Depths (0/4) D:15        Gauntlet (visited)

Altars:
Ashenzari
Cheibriados
Dithmenos
Elyvilon
Fedhas
Gozag
Hepliaklqana
Kikubaaqudgha
Makhleb
Nemelex Xobeh
Okawaru
Qazlal
Ru
Sif Muna
Trog
Uskayaw
Vehumet
Wu Jian
Xom
Yredelemnul
Zin
The Shining One
Jiyva

Shops:
Orc:2 :[(*   Elf:2 *   Snake:1 [   Vaults:3 [

Portals:
Trove: D:10 (give horn of Geryon)

Annotations:
D:2 Sigmund
D:5 2 transporters, mortz's ghost, novice DgCj
D:13 exclusion: downstairs
D:14 exclusion: skeletal warrior
Lair:5 1 runed translucent door, exclusions: door and 2 more exclusions
Snake:4 2 transporters, ctx's ghost, adept GnEE
Vaults:4 Mennas


Innate Abilities, Weirdness & Mutations

You are too large for most types of armour.
You have tough skin. (AC +1)
You are frail. (-10% HP)


Message History

You barely miss Mennas.
Mennas is severely wounded.
Mennas hits you with a +5 trishula of holy wrath!!
* * * LOW HITPOINT WARNING * * *
You block Mennas's attack. Mennas blocks your attack.
Mennas is severely wounded.
You block Mennas's attack. x2
Mennas blocks your attack.
Mennas is severely wounded.
Mennas becomes audible again.
You block Mennas's attack. Mennas closely misses you.
You barely miss Mennas.
Mennas is severely wounded.
Mennas gestures frantically.
Mennas is healed somewhat.
You barely miss Mennas.
Mennas is heavily wounded.
You block Mennas's attack. Mennas hits you but does no damage.
You hit Mennas. You freeze Mennas.
Mennas is heavily wounded.
Mennas hits you with a +5 trishula of holy wrath.
* * * LOW HITPOINT WARNING * * *
You block Mennas's attack.
You slice Mennas!! You freeze Mennas!
Mennas is severely wounded.
You block Mennas's attack. x2
You hit Mennas but do no damage.
Mennas is severely wounded.
You slice Mennas!! You freeze Mennas!
Mennas is almost dead.
Mennas hits you with a +5 trishula of holy wrath!
* * * LOW HITPOINT WARNING * * *
Mennas hits you with a +5 trishula of holy wrath!!
* * * LOW HITPOINT WARNING * * *
You miss Mennas.
Mennas is almost dead.
You block Mennas's attack.
Mennas hits you with a +5 trishula of holy wrath!
You die...

**********,,,,*,,,,,,*
+,,,,,,,,*,,,,#......#
*,,,,,,,,+,,,,#......#
**************#......#
#).....# #.†....#
#......# ####......#
####* ###.##A@†...#
....* ###...##......#
....####...A.##......#
....#......####......#
....+......'..'......#
....#......###########
....####..†.†# ....*
###..)# ####* ###.#


You could see Mennas.

Vanquished Creatures
  Mara (Snake:3)
  Margery (Vaults:2)
  Vashnia (Snake:4)
  Nikola (Snake:2)
  Jorgrun (D:14)
  A deep elf blademaster (Elf:2)
  Asterion (Snake:1)
  Frances (Swamp:1)
  Kirke (D:14)
  4 nagarajas
  An azure jelly (Swamp:4)
  A deep elf sorcerer (Elf:1)
  An orc warlord (Orc:2)
  Aizul (Snake:3)
  8 vault wardens
  12 ironbound preservers
  3 ironbound thunderhulks
  3 very ugly things (Vaults:2)
  2 deep elf annihilators
  An entropy weaver (Vaults:1)
  A deep elf demonologist (Elf:2)
  3 eleionomae
  A vampire knight (Vaults:3)
  17 dire elephants
  2 bunyips (Swamp:2)
  A fire dragon (D:14)
  A crystal guardian (Vaults:4)
  Snorg (Lair:5)
  A shambling mangrove (Swamp:4)
  3 yaktaur captains
  5 great orbs of eyes
  11 vault guards
  3 ice dragons (Swamp:4)
  3 ghost crabs
  24 hydras
  A peacekeeper (Vaults:1)
  A rakshasa (D:14)
  4 salamander tyrants
  3 boulder beetles
  6 ironbound frosthearts
  11 anacondas
  11 centaur warriors
  3 catoblepae
  8 death yaks
  13 naga warriors
  3 two-headed ogres
  4 alligators
  21 dancing weapons
  4 shock serpents
  3 orc high priests
  15 deep elf knights
  23 naga sharpshooters
  3 hell knights (Vaults:2)
  6 goliath frogs
  9 skeletal warriors
  A fire crab (Lair:4)
  9 salamander mystics
  A flayed ghost (D:15)
  27 deep trolls
  2 spriggan druids
  A glowing orange brain (Vaults:3)
  A tengu zombie (D:15)
  2 sea snakes (Snake:1)
  A bog body (Swamp:2)
  3 naga ritualists (Snake:4)
  5 necromancers
  4 swamp dragons
  9 ironbound convokers
  3 wizards
  7 deep elf archers
  15 harpies
  Pikel (D:3)
  13 ugly things
  8 lindwurms
  5 orc sorcerers (Orc:2)
  30 deep elf pyromancers
  An orc knight (Orc:2)
  24 deep elf zephyrmancers
  A tengu skeleton (Vaults:3)
  2 manticores (D:14)
  A frost giant zombie (D:15)
  8 mana vipers
  A faun (shapeshifter) (Elf:2)
  16 salamanders
  2 stone giant zombies
  4 will-o-the-wisps
  7 cyclopes
  10 vault sentinels
  Joseph (D:9)
  33 black mambas
  10 elephants
  2 torpor snails
  3 guardian serpents
  A smoke demon (Gauntlet)
  13 naga magi
  19 cane toads
  A kobold demonologist (D:14)
  4 freezing wraiths (Swamp:4)
  2 unseen horrors
  A guardian mummy (D:15)
  An entropy weaver simulacrum (Vaults:3)
  The ghost of angelusfrater the Conjurer, a novice OpCj of Vehumet (D:4)
  5 rime drakes
  6 komodo dragons
  23 yaktaurs
  A hellwing (Gauntlet)
  A tengu conjurer (D:15)
  13 tyrant leeches
  A polar bear (shapeshifter) (Elf:2)
  8 trolls
  A bloated husk (Swamp:3)
  5 polar bears
  31 slime creatures
  A dream sheep (Lair:4)
  14 hornets
  15 blink frogs
  3 vampires (Vaults:3)
  2 air elementals
  14 spriggans
  48 yaks
  2 basilisks
  2 fire bats (Gauntlet)
  A fire elemental (D:13)
  4 water elementals
  9 wyverns
  18 vampire mosquitoes
  A swamp worm simulacrum (Swamp:4)
  4 wargs
  43 nagas
  15 swamp worms
  2 acid dragons
  15 water moccasins
  A hell hound (Gauntlet)
  13 hydra simulacra (Swamp:4)
  A human skeleton (D:15)
  35 orc warriors
  A sky beast (D:6)
  5 black bears
  6 ogres
  2 swamp drakes (Swamp:3)
  3 wolves (D:11)
  10 boggarts
  5 centaurs
  4 lemures
  A kobold brigand (D:7)
  2 phantoms
  6 gnoll sergeants
  18 bullfrogs
  A necrophage (D:3)
  5 scorpions
  3 earth elementals
  An ogre simulacrum (Vaults:3)
  8 wights (D:7)
  5 killer bees (D:10)
  6 electric eels
  4 howler monkeys
  A crimson imp (Gauntlet)
  A bullfrog skeleton (D:4)
  17 hounds
  3 jellies
  2 centaur skeletons (D:4)
  4 gnoll boudas
  25 orc priests
  4 iguanas
  24 orc wizards
  4 hell rats (Lair:5)
  32 gnolls
  7 adders
  A white imp (D:6)
  7 swamp drake simulacra (Swamp:4)
  An ufetubus (D:6)
  2 adder skeletons (D:2)
  An adder zombie (D:2)
  A worm (D:2)
  2 dart slugs
  112 orcs
  6 ball pythons
  6 bats
  2 bat zombies (D:2)
  5 endoplasms
  A giant cockroach (D:1)
  7 goblins
  5 hobgoblins
  A jackal (D:8)
  4 quokkas
  A ball python skeleton (D:2)
  6 frilled lizards
  A giant cockroach zombie (D:2)
  8 kobolds
  2 quokka zombies (D:2)
  2 rats
1354 creatures vanquished.

Vanquished Creatures (collateral kills)
  3 dire elephants (Vaults:4)
  A peacekeeper (Vaults:4)
  An alligator (Swamp:2)
  A deep elf knight (Elf:2)
  4 naga sharpshooters
  A sea snake (Snake:1)
  A spriggan druid (Swamp:2)
  A naga ritualist (Snake:2)
  A wizard (Vaults:4)
  4 ugly things (Vaults:4)
  A salamander (Snake:2)
  A will-o-the-wisp (Swamp:2)
  A cyclops (D:14)
  4 black mambas
  A naga mage (Snake:1)
  A tyrant leech (Swamp:2)
  A hornet (Swamp:1)
  3 spriggans (Swamp:1)
  A yak (Lair:5)
  A swamp worm (Swamp:2)
  2 nagas (Snake:2)
  2 hydra simulacra (Swamp:4)
  A swamp drake (Swamp:2)
38 creatures vanquished.

Vanquished Creatures (others)
  A vault guard (D:14)
  An alligator (Swamp:4)
  A goliath frog (Swamp:4)
  A bloated husk (Swamp:4)
  A wyvern (Lair:5)
  A yak (Lair:5)
  A water elemental (D:13)
  A human (D:14)
  2 nagas (Snake:2)
  A human skeleton (Vaults:3)
  An orc priest (Orc:2)
  An orc (Orc:2)
  4 demonic plants (Gauntlet)
  25 foxfires
  20 fungi
  85 plants
  7 toadstools (Lair:1)
  14 withered plants
168 creatures vanquished.

Grand Total: 1560 creatures vanquished

Notes
Turn   | Place    | Note
-------+----------+-------------------------------------------
     0 | D:1      | concernfroge the Ogre Fighter began the quest for the Orb.
     0 | D:1      | Reached XP level 1. HP: 24/24 MP: 1/1
   296 | D:1      | Reached XP level 2. HP: 33/33 MP: 2/2
   461 | D:1      | Reached skill level 5 in Fighting
   694 | D:1      | Reached XP level 3. HP: 42/42 MP: 3/3
  1459 | D:2      | Reached XP level 4. HP: 14/53 MP: 4/4
  1931 | D:2      | Noticed Sigmund
  2087 | D:2      | You fall into a shaft and drop 2 floors!
  2087 | D:4      | Found a runed translucent gate.
  2087 | D:4      | Found a runed translucent gate.
  2088 | D:4      | Found a runed translucent gate.
  2496 | D:3      | Identified the +0 leather armour "Hycry" {rF+}
  2595 | D:3      | Identified the +4 short sword "Fohovvot" {vorpal, Dex+7}
  2926 | D:4      | Noticed a lemure
  2988 | D:4      | Reached XP level 5. HP: 20/62 MP: 5/5
  3196 | D:4      | Noticed Pikel
  3252 | D:4      | Noticed a lemure
  3272 | D:4      | Killed a lemure
  3479 | D:4      | Noticed a lemure
  3547 | D:4      | Noticed a lemure
  3614 | D:4      | Reached XP level 6. HP: 74/74 MP: 6/6
  3669 | D:5      | Entered Level 5 of the Dungeon
  3673 | D:5      | Noticed a +0 dagger
  3783 | D:5      | Reached skill level 10 in Fighting
  3783 | D:5      | Reached skill level 1 in Short Blades
  3783 | D:5      | Reached XP level 7. HP: 43/85 MP: 7/7
  4653 | D:3      | Killed Pikel
  4654 | D:3      | Reached skill level 5 in Short Blades
  4654 | D:3      | Reached XP level 8. HP: 32/93 MP: 8/8
  5350 | D:4      | Noticed angelusfrater's ghost (novice OpCj)
  5396 | D:5      | Found a transporter.
  5400 | D:5      | Noticed mortz's ghost (novice DgCj)
  5684 | D:5      | Found a burning altar of Makhleb.
  5749 | D:5      | Found a transporter.
  6007 | D:5      | Noticed a +0 dagger
  6064 | D:5      | Found a hide-covered altar of Uskayaw.
  6543 | D:6      | Noticed a two-headed ogre
  7198 | D:6      | Found a glowing golden altar of the Shining One.
  7207 | D:6      | Became a worshipper of the Shining One
  7287 | D:7      | Reached XP level 9. HP: 98/101 MP: 9/9
  8222 | D:7      | Reached * piety under the Shining One
  8240 | D:7      | Reached skill level 1 in Invocations
 10106 | D:7      | Found a staircase to the Ecumenical Temple.
 10119 | Temple   | Entered the Ecumenical Temple
 10119 | Temple   | Found a transporter.
 10119 | Temple   | Found a transporter.
 10121 | Temple   | Found a transporter.
 10121 | Temple   | Found a transporter.
 10445 | D:7      | Reached skill level 5 in Shields
 10445 | D:7      | Reached XP level 10. HP: 92/110 MP: 13/13
 11095 | D:8      | Reached ** piety under the Shining One
 11604 | D:8      | Reached skill level 1 in Throwing
 12126 | D:8      | Found a broken altar of Ashenzari.
 12284 | D:8      | Found a stormy altar of Qazlal.
 13147 | D:9      | Reached skill level 1 in Polearms
 13236 | D:9      | Found a staircase to the Orcish Mines.
 13382 | D:9      | Found an iron altar of Okawaru.
 13499 | D:9      | Noticed a centaur warrior
 13509 | D:9      | Killed a centaur warrior
 13510 | D:9      | Reached skill level 5 in Polearms
 13510 | D:9      | Reached XP level 11. HP: 81/117 MP: 14/14
 13655 | D:9      | Noticed a centaur warrior
 13668 | D:9      | Killed a centaur warrior
 13673 | D:9      | Noticed Joseph
 13702 | D:9      | Killed Joseph
 13812 | D:9      | Identified the +5 long sword "Tuvvurar" {venom, Fly Will+
                  | rCorr}
 14129 | D:9      | Noticed a green ugly thing
 14146 | D:9      | Killed a green ugly thing
 15391 | D:10     | Entered Level 10 of the Dungeon
 15712 | D:10     | Found a portal to a secret trove of treasure.
 15754 | D:10     | Found a sacrificial altar of Ru.
 15758 | D:10     | Found a glowing silver altar of Zin.
 15837 | D:10     | Noticed a centaur warrior
 15837 | D:10     | Noticed a deep elf pyromancer
 15837 | D:10     | Noticed a catoblepas
 15837 | D:10     | Noticed an orc knight
 15837 | D:10     | Noticed a boulder beetle
 15837 | D:10     | Noticed a wizard
 15839 | D:10     | Noticed a six-headed hydra
 15839 | D:10     | Noticed a centaur warrior
 15839 | D:10     | Noticed a white ugly thing
 15839 | D:10     | Identified the ring of Gluttony {MP+9 Str+2}
 15839 | D:10     | Identified the ring "Jerisec" {rN+ rCorr Str+5}
 15841 | D:10     | Noticed an ogre mage
 15849 | D:10     | Reached *** piety under the Shining One
 15954 | D:10     | Noticed a two-headed ogre
 15964 | D:10     | Killed a two-headed ogre
 16366 | D:11     | Noticed a six-headed hydra
 16375 | D:11     | Killed a six-headed hydra
 16842 | D:11     | Reached skill level 10 in Polearms
 16849 | D:11     | Found a gate leading to a gauntlet.
 16850 | D:11     | Noticed a boulder beetle
 16854 | Gauntlet | Entered a Gauntlet
 16854 | Gauntlet | Found a transporter.
 16854 | Gauntlet | Found a transporter.
 16855 | Gauntlet | Noticed a sixfirhy
 16869 | Gauntlet | Found a transporter.
 16870 | Gauntlet | Found a runed translucent gate.
 16871 | Gauntlet | Noticed a death scarab
 16873 | Gauntlet | Found a runed translucent gate.
 16874 | Gauntlet | Found a runed translucent gate.
 16882 | Gauntlet | Found a transporter.
 16900 | Gauntlet | Found a transporter.
 16900 | Gauntlet | Found a transporter.
 16902 | Gauntlet | Found a transporter.
 16902 | Gauntlet | Found a transporter.
 16903 | Gauntlet | Found a transporter.
 16904 | Gauntlet | Noticed a fire crab
 16904 | Gauntlet | Noticed a moth of wrath
 16907 | Gauntlet | Reached **** piety under the Shining One
 16921 | Gauntlet | Found a transporter.
 16932 | Gauntlet | Found a transporter.
 16942 | Gauntlet | Found a transporter.
 16956 | Gauntlet | Found a transporter.
 16986 | Gauntlet | Noticed a reaper
 16990 | Gauntlet | Found a transporter.
 17021 | Gauntlet | Identified the ring of Elitism {Contam rF+ rC+ Str+4}
 17569 | Gauntlet | Noticed a minotaur
 17582 | Gauntlet | Found the +3 salamander hide armour {Flames rF++ rC--}
 18031 | D:11     | Noticed a boulder beetle
 18049 | D:11     | Killed a boulder beetle
 18050 | D:11     | Reached XP level 12. HP: 69/126 MP: 13/15
 18448 | D:11     | Identified the +4 ring mail "Icypesta" {rElec rPois rC+++
                  | rCorr Int-2}
 18630 | D:10     | Killed a boulder beetle
 18921 | D:11     | Found a staircase to the Lair.
 19581 | D:6      | Found a shimmering altar of Xom.
 19602 | D:6      | Killed a two-headed ogre
 20075 | Lair:1   | Entered Level 1 of the Lair of Beasts
 20082 | Lair:1   | Learned a level 2 spell: Blink
 20088 | Lair:1   | Learned a level 5 spell: Manifold Assault
 20205 | Lair:1   | Reached skill level 1 in Spellcasting
 20208 | Lair:1   | Reached skill level 1 in Translocations
 20282 | Lair:1   | Noticed Urug
 20285 | Lair:1   | Noticed Urug
 20285 | Lair:1   | Urug changed into Urug the elephant
 20300 | Lair:1   | Killed Urug the elephant
 20309 | Lair:1   | Reached skill level 2 in Translocations
 20461 | Lair:1   | Identified 2 scrolls of acquirement
 20574 | Lair:1   | Noticed a dire elephant
 20574 | Lair:1   | Noticed a catoblepas
 20594 | Lair:1   | Found a runed translucent door.
 20812 | Lair:1   | Learned a level 1 spell: Apportation
 21068 | Lair:2   | Reached skill level 3 in Translocations
 21185 | Lair:2   | Noticed a four-headed hydra
 21194 | Lair:2   | Killed a four-headed hydra
 21209 | Lair:2   | Reached skill level 4 in Translocations
 21220 | Lair:2   | Reached skill level 5 in Spellcasting
 21220 | Lair:2   | Reached XP level 13. HP: 108/133 MP: 16/20
 21330 | Lair:2   | Found a staircase to the Snake Pit.
 21495 | Lair:2   | Found a staircase to the Swamp.
 21761 | Lair:2   | Reached skill level 5 in Translocations
 22046 | Lair:2   | Acquired 748 gold pieces
 22048 | Lair:2   | Acquired the +1 hat "Toimi" {rElec Int+4 Dex+2}
 23208 | Lair:4   | Reached skill level 5 in Invocations
 23310 | Lair:4   | Reached skill level 6 in Translocations
 23328 | Lair:4   | Learned a level 6 spell: Dispersal
 23908 | Lair:5   | Entered Level 5 of the Lair of Beasts
 24052 | Lair:5   | Noticed Snorg
 24086 | Lair:5   | Reached skill level 7 in Translocations
 24095 | Lair:5   | Reached XP level 14. HP: 72/143 MP: 26/26
 24170 | Lair:5   | Reached skill level 8 in Translocations
 24382 | Lair:5   | Reached skill level 5 in Throwing
 24441 | Lair:5   | Killed Snorg
 24481 | Lair:5   | Found a runed translucent door.
 24482 | Lair:5   | Found a viscous altar of Jiyva.
 24484 | Lair:5   | Found a staircase to the Slime Pits.
 24484 | Lair:5   | Noticed an acid blob
 24485 | Lair:5   | Noticed an acid blob
 24488 | Lair:5   | Reached ***** piety under the Shining One
 24736 | Lair:5   | Reached skill level 10 in Invocations
 26404 | D:12     | Reached XP level 15. HP: 149/149 MP: 27/27
 26985 | D:13     | Found a large runed translucent door.
 26985 | D:13     | Found a large runed translucent door.
 27434 | D:14     | Identified the +1 robe of Hairiness {Drain rN+ Will+++}
 27513 | D:14     | Was placed under penance by the Shining One
 27516 | D:14     | Reached skill level 1 in Armour
 27657 | D:14     | Found a gate to the Vaults.
 27827 | D:14     | Noticed Jorgrun
 27841 | D:14     | Killed Jorgrun
 28029 | D:14     | Noticed Kirke
 28043 | D:14     | Killed Kirke
 28349 | D:15     | Entered Level 15 of the Dungeon
 28373 | D:15     | Found a staircase to the Depths.
 28803 | D:15     | Was forgiven by the Shining One
 29115 | D:15     | Reached skill level 10 in Shields
 29721 | Orc:1    | Entered Level 1 of the Orcish Mines
 29753 | Orc:1    | Reached skill level 5 in Armour
 30031 | Orc:1    | Reached XP level 16. HP: 165/165 MP: 28/28
 30103 | Orc:2    | Entered Level 2 of the Orcish Mines
 30103 | Orc:2    | Found a staircase to the Elven Halls.
 30378 | Orc:2    | Found Utsa's General Store.
 30383 | Orc:2    | Bought a scroll of butterflies for 68 gold pieces
 30711 | Orc:2    | Found Ojywuips's Antique Armour Emporium.
 30733 | Orc:2    | Found Direguq's Antique Weapon Shoppe.
 30954 | Orc:2    | Found Taarefo's Book Boutique.
 31091 | Orc:2    | Bought a potion of haste for 170 gold pieces
 31281 | Swamp:1  | Entered Level 1 of the Swamp
 31421 | Swamp:1  | Noticed Frances
 31439 | Swamp:1  | Killed Frances
 31799 | Swamp:1  | Identified the +7 halberd of the Hawk {drain, rCorr Str+6
                  | Int-3 SInv}
 33057 | Swamp:3  | Identified the -1 pair of boots of the Black Moon {rF+
                  | Str+4}
 33498 | Swamp:3  | Reached skill level 15 in Fighting
 34138 | Snake:1  | Entered Level 1 of the Snake Pit
 34155 | Snake:1  | Reached XP level 17. HP: 176/184 MP: 29/29
 34189 | Snake:1  | Found Vawn's Antique Armour Shop.
 34230 | Snake:1  | Reached skill level 10 in Throwing
 34320 | Snake:1  | Bought a glowing scarf for 216 gold pieces
 34952 | Snake:1  | Identified the +1 robe of Dopset {Contam rC+++ Regen+
                  | Dex+2}
 35070 | Snake:1  | Noticed Asterion
 35082 | Snake:1  | Reached skill level 9 in Translocations
 35110 | Snake:1  | Killed Asterion
 35823 | Snake:2  | Reached skill level 10 in Spellcasting
 35970 | Snake:2  | Noticed Nikola
 35980 | Snake:2  | Killed Nikola
 36270 | Snake:2  | Reached skill level 10 in Translocations
 36972 | Snake:3  | Got the Atlas of Igneous Minerals
 37255 | Snake:3  | Noticed Aizul
 37277 | Snake:3  | Killed Aizul
 37549 | Snake:3  | Noticed Mara
 37566 | Snake:3  | Noticed concernfroge's illusion
 37572 | Snake:3  | HP: 13/276 [Mara/+5 demon blade of freezing (1)]
 37574 | Snake:3  | Killed Mara
 37575 | Snake:3  | Reached skill level 11 in Translocations
 37575 | Snake:3  | Reached XP level 18. HP: 39/193 MP: 33/33
 38237 | Snake:4  | Entered Level 4 of the Snake Pit
 38321 | Snake:4  | Found a transporter.
 38343 | Snake:4  | Noticed ctx's ghost (adept GnEE)
 38360 | Snake:4  | Identified the +5 scale mail "Degh" {-Cast rN++}
 38379 | Snake:4  | Found a transporter.
 38453 | Snake:4  | Noticed Vashnia
 38489 | Snake:4  | Killed Vashnia
 38577 | Snake:4  | Found a flickering gateway to a bazaar.
 39032 | Bazaar   | Entered a bazaar
 39065 | Bazaar   | Found Estritiam's Antique Armour Emporium.
 39065 | Bazaar   | Found Wim Nem's Jewellery Shoppe.
 39087 | Bazaar   | Found Reymehuw's General Store.
 39087 | Bazaar   | Found Vyaw's Antique Weapon Shoppe.
 39109 | Bazaar   | Found Joqoeth's Distillery.
 39114 | Bazaar   | Bought a potion of berserk rage for 75 gold pieces
 39114 | Bazaar   | Bought a potion of heal wounds for 75 gold pieces
 39114 | Bazaar   | Bought a potion of mutation for 120 gold pieces
 39114 | Bazaar   | Bought a potion of berserk rage for 75 gold pieces
 39114 | Bazaar   | Bought a potion of brilliance for 60 gold pieces
 39114 | Bazaar   | Bought a potion of cancellation for 120 gold pieces
 39114 | Bazaar   | Bought a potion of brilliance for 60 gold pieces
 39114 | Bazaar   | Bought a potion of haste for 150 gold pieces
 39114 | Bazaar   | Bought a potion of heal wounds for 75 gold pieces
 39114 | Bazaar   | Bought a potion of curing for 45 gold pieces
 39169 | Bazaar   | Bought the ring "Nachez" {rPois Will+ rCorr} for 343 gold
                  | pieces
 39473 | Snake:4  | Reached skill level 12 in Translocations
 40435 | Snake:4  | Got a serpentine rune of Zot
 41269 | D:4      | Killed angelusfrater's ghost
 41629 | Lair:1   | Got Sif Muna's Compilation of Changed Mustering
 41779 | Swamp:4  | Entered Level 4 of the Swamp
 41851 | Swamp:4  | Reached skill level 13 in Translocations
 42097 | Swamp:4  | Paralysed by a hornet for 1 turns
 43205 | Swamp:4  | Reached XP level 19. HP: 176/201 MP: 37/37
 43259 | Swamp:4  | Got a decaying rune of Zot
 43531 | Elf:1    | Entered Level 1 of the Elven Halls
 43552 | Orc:2    | Gained mutation: You are frail. (-10% HP) [mutagenic glow]
 43803 | Elf:1    | Reached skill level 5 in Axes
 43976 | Elf:1    | Paralysed by an air elemental for 1 turns
 44380 | Elf:1    | Identified the +1 scale mail "Iliegyme" {*Slow rPois Dex+8
                  | Stlth+}
 44437 | Elf:1    | Got Dispater's Compilation of Conjuring
 45114 | Elf:2    | Reached skill level 15 in Spellcasting
 45118 | Elf:2    | Reached skill level 14 in Translocations
 45301 | Elf:2    | Found Izautap's General Store.
 45376 | Elf:2    | Bought a scroll of enchant armour for 157 gold pieces
 45376 | Elf:2    | Bought a potion of berserk rage for 105 gold pieces
 45376 | Elf:2    | Bought 5 large rocks for 73 gold pieces
 45376 | Elf:2    | Bought a scroll of enchant weapon for 157 gold pieces
 45413 | Elf:2    | Found a shimmering altar of Xom.
 45649 | Elf:2    | Identified the +5 short sword of Unpleasantness {pain,
                  | rPois Will+ rCorr}
 45650 | Elf:2    | Found a runed translucent gate.
 45650 | Elf:2    | Found a runed translucent gate.
 45650 | Elf:2    | Found a runed translucent gate.
 45661 | Elf:2    | Identified the +10 mace of Valour {spect, Dex+3 Stlth+}
 46986 | Vaults:1 | Entered Level 1 of the Vaults
 47289 | Vaults:1 | Reached XP level 20. HP: 189/189 MP: 39/39
 47378 | Vaults:1 | Reached skill level 15 in Translocations
 48480 | Vaults:1 | Reached skill level 10 in Axes
 49378 | Vaults:2 | Reached skill level 16 in Translocations
 49623 | Vaults:2 | Noticed Margery
 49642 | Vaults:2 | Killed Margery
 50409 | Vaults:2 | Reached XP level 21. HP: 159/196 MP: 21/40
 51068 | Vaults:3 | Found a staircase to the Crypt.
 51137 | Vaults:3 | Found Puwoa's Antique Armour Emporium.
 51146 | Vaults:3 | Bought the -2 hat of the Alchemist {rElec rPois rF+ rC+ rN+
                  | Will+ rMut rCorr} for 1416 gold pieces
 51146 | Vaults:3 | Found the -2 hat of the Alchemist {rElec rPois rF+ rC+ rN+
                  | Will+ rMut rCorr}
 52410 | Vaults:3 | Reached skill level 15 in Axes
 52636 | Vaults:3 | Got the Tractate on Distorted Formation
 52642 | Vaults:3 | Learned a level 4 spell: Passage of Golubria
 53130 | Vaults:4 | Noticed Mennas
 53170 | Vaults:4 | HP: 7/294 [Mennas/+5 trishula of holy wrath (29)]
 53171 | Vaults:4 | Mangled by Mennas

Illustrated notes

Levels and vault maps discovered:
D:1:      dpeg_arrival_arbitrary_c, layout_loops_ring
D:2:      layout_basic, serial_undead, serial_undead_d, serial_undead_f,
          serial_undead_e, serial_undead_e, serial_undead_d, serial_undead_f,
          serial_undead_c, shapermc_ecumenical_altar_venn, minmay_lizard_pond,
          uniq_sigmund
D:3:      minmay_door_path, layout_basic, hangedman_decor_clover_reticule
D:4:      layout_rooms, gammafunk_ghost_necromancy, uniq_pikel
D:5:      layout_layer_cave, mainiacjoe_overflow_concentric_impassable,
          dancing_weapons_uskayaw, gammafunk_ghost_stat_death
D:6:      hangedman_cross_stitches, layout_basic, kennysheep_mini_moat,
          nicolae_tso_carved_into_rock, nicolae_zen_rock_garden,
          grunt_decor_clamped
D:7:      layout_loops_ring, minmay_temple_entry_statues
D:8:      layout_cave_pools, ashenzari_altar_1, lemuel_tele_altar,
          serial_gnoll_camp, gnoll_camp_medium_01, gnoll_camp_mini_house,
          gnoll_camp_medium_02, gnoll_camp_mini_house
D:9:      minmay_diamond_stairs, layout_cave_pods, okawaru_trees_1,
          minmay_orc_entry_temple_small, special_room [special_room_orc],
          uniq_joseph
D:10:     layout_basic, grunt_temple_overflow_open,
          nicolae_trove_entry_crossroad, minivault_12
D:11:     layout_gridville, erik_lair_island, gauntlet_entry_generic
D:12:     layout_loops_ring
D:13:     layout_roguey, lightli_elemental_guards
D:14:     layout_roguey, lightli_vaults_fourway_checkpoint, roderic_lattice_a,
          uniq_kirke, uniq_jorgrun
D:15:     gammafunk_depths_entry_grave, layout_loops_ring, minivault_4
Temple:   hellmonk_temple_divided_pantheon
Lair:1:   gammafunk_lair_enchanted_lake, layout_small_grid, uniq_urug
Lair:2:   layout_regular_city, swamp_mist_pool,
          minmay_snake_entry_guardpost_small, serial_bayou_shore_b
Lair:3:   layout_layer_cave, infiniplex_staircase_pool
Lair:4:   layout_misc_corridors, minmay_shattered_shrine
Lair:5:   minmay_lair_end_frog_pond, layout_regular_city, slime_entry_2,
          portal_ice_cave_entry_pillars_1, guppyfry_lair_drakes,
          serial_bayou_shore_a, uniq_snorg
Swamp:1:  layout_basic_swamp, hangedman_swamp_ruin_wall, uniq_frances
Swamp:2:  nicolae_swamp_secret_spriggan_hideout, layout_basic_swamp,
          evilmike_swamp_ruin_rubble_1
Swamp:3:  layout_basic_swamp, evilmike_swamp_ruin_rubble_2, st_swamp_ruins_1
Swamp:4:  swamp_icy, layout_basic_swamp, swamp_pool1
Snake:1:  layout_misc_corridors, serial_shops, shop, minmay_snake_pond,
          grunt_megastairs_4, uniq_asterion
Snake:2:  layout_cave_pods, nicolae_snake_salamander_jacuzzi, uniq_nikola
Snake:3:  layout_chambers, hangedman_snake_corridor_split, uniq_aizul, uniq_mara
Snake:4:  snake_pit, layout_basic, gammafunk_ghost_arena, serial_shops,
          bzr_entry_islet, nicolae_snake_squiggles, uniq_vashnia
Orc:1:    layout_diamond_mine
Orc:2:    grunt_orc_community_town_hall, layout_caves,
          grunt_orc_community_big_house_2, grunt_orc_community_big_house_2,
          grunt_orc_community_house_2, grunt_orc_community_house_1,
          grunt_orc_community_house_2, grunt_orc_community_house_1,
          grunt_orc_community_house_2, grunt_orc_community_house_3
Elf:1:    minmay_elf_arrival_plus, layout_loops_corners, mu_enter_wizlab_4,
          minmay_elf_annihilation
Elf:2:    nicolae_elf_blades_splatter_lattice [mumra_blade_entry_bloodbath],
          layout_onion_city, basic_altar, serial_shops, nicolae_diamond_shop
Vaults:1: hangedman_vaults_maws, nicolae_vaults_network_star, v_misc_25,
          hangedman_vaults_unwind, v_misc_28, ontoclasm_vaults_spin, v_misc_8,
          vaults_room_semicircle, vaults_dpeg_hooks, vaults_room_hallway,
          layout_vaults_ring
Vaults:2: nicolae_vaults_puzzle_piece, ontoclasm_vaults_ring_square, v_misc_1,
          ontoclasm_vaults_pinch, v_pattern_5, vaults_mumra_lcd,
          hangedman_vaults_slice, ontoclasm_vaults_decontamination,
          vaults_room_fours, layout_vaults_omnicross, uniq_margery
Vaults:3: minmay_crypt_entry_vampire_xt, vaults_room_grid, v_misc_5,
          vaults_room_boxed, nicolae_vaults_meeting,
          nicolae_vaults_little_squares_6, layout_vaults_omnigrid, serial_shops,
          nicolae_shop_overgrown_old_shop
Vaults:4: grunt_vaults_funnel, v_rooms_6, nicolae_vaults_little_squares_2,
          grunt_vaults_hallway_long, grunt_vaults_diagonal,
          nicolae_vaults_shelves_hall, st_greater_box_5,
          nicolae_vaults_sealed_display, vaults_room_ringed_pool,
          nicolae_vaults_border_crossing, layout_vaults_omnibox, uniq_mennas

Skill      XL: |  1  2  3  4  5  6  7  8  9 10 11 12 13 14 15 16 17 18 19 20 21 |
---------------+----------------------------------------------------------------+-----
Fighting       | 5 6 7 8 10 12 15 | 15.1
Short Blades   | 1 5 7 9 |  9.4
Invocations    | 4 7 11 12 13 | 13.0
Shields        | 5 8 10 12 | 12.0
Throwing       | 4 8 9 10 | 10.0
Polearms       | 5 11 13 | 13.9
Spellcasting   | 5 8 11 14 15 | 15.0
Translocations | 4 7 8 11 13 14 16 | 16.0
Armour         | 5 |  5.0
Axes           | 4 8 13 15 | 15.9
Dodging        | |  2.6

Action                   |  1- 3 |  4- 6 |  7- 9 | 10-12 | 13-15 | 16-18 | 19-21 || total
-------------------------+-------+-------+-------+-------+-------+-------+-------++-------
Melee: War axe           |   107 |    73 |       |       |       |       |       ||   180
       Short sword       |       |    77 |   390 |   539 |       |       |       ||  1006
       Trident           |       |       |       |   291 |  1081 |  1551 |   417 ||  3340
       Unarmed           |       |       |       |       |     3 |       |       ||     3
       Broad axe         |       |       |       |       |       |    10 |   810 ||   820
Throw: Stone             |     1 |    17 |    14 |       |    66 |     9 |     4 ||   111
       Boomerang         |       |       |    25 |   216 |    89 |   254 |   215 ||   799
       Throwing net      |       |       |       |     2 |     1 |     2 |     1 ||     6
       Javelin           |       |       |       |       |    10 |    18 |    13 ||    41
       Large rock        |       |       |       |       |     6 |       |       ||     6
       Dart              |       |       |       |       |     2 |     3 |       ||     5
 Cast: Blink             |       |       |       |       |     1 |     4 |     3 ||     8
       Manifold Assault  |       |       |       |       |       |       |   139 ||   139
       Dispersal         |       |       |       |       |       |       |     1 ||     1
       Passage of Golubr |       |       |       |       |       |       |     1 ||     1
Invok: Divine Shield     |       |       |       |    22 |    22 |    43 |    41 ||   128
       Cleansing Flame   |       |       |       |       |       |    10 |     2 ||    12
       Summon Divine War |       |       |       |       |       |     5 |     4 ||     9
Evoke: Wand              |       |       |    13 |    19 |    26 |     1 |     2 ||    61
       Phantom mirror    |       |       |       |     1 |     3 |     3 |     1 ||     8
       Box of beasts     |       |       |       |       |     1 |     2 |     2 ||     5
  Use: Potion            |     1 |     3 |     1 |     3 |     7 |    11 |     5 ||    31
       Scroll            |       |     4 |    10 |    19 |    15 |    15 |    14 ||    77
 Stab: Distracted        |       |       |     1 |       |       |       |       ||     1
Armor: Robe              |    26 |    23 |    83 |    81 |       |     1 |    11 ||   225
       Skin              |       |    57 |       |       |       |       |       ||    57
       Troll leather arm |       |       |       |    24 |   122 |   245 |   183 ||   574
Dodge: Dodged            |    46 |    43 |   148 |   183 |   123 |   175 |   147 ||   865
Block: Kite shield       |    29 |    65 |   167 |   441 |   267 |       |       ||   969
       Tower shield      |       |       |       |       |   153 |  1326 |  1067 ||  2546
